 Dungeon Crawl Stone Soup version 0.26-a0-639-g72c4674 (webtiles) character file.

Game seed: 13837840162552637140

12471 royokou the Destroyer (level 11, -19/95 HPs)
             Began as a Demigod Conjurer on Sept 19, 2020.
             Killed from afar by an ice dragon (32 damage)
             ... with a blast of cold
             ... on level 1 of the Lair of Beasts on Sept 21, 2020.
             The game lasted 01:17:30 (16663 turns).

royokou the Destroyer (Demigod Conjurer)           Turns: 16663, Time: 01:17:31

Health: -19/95     AC: 15    Str: 12    XL:     11   Next: 36%
Magic:  11/19      EV: 12    Int: 26    God:
Gold:   528        SH:  5    Dex: 14    Spells: 5/16 levels left

rFire    . . .     SeeInvis .   G - +2 great mace (vorpal)
rCold    . . .     Faith    .   (shield currently unavailable)
rNeg     . . .     Spirit   .   Y - +2 robe {Archmagi}
rPois    +         Reflect  +   (no helmet)
rElec    .         Harm     .   A - +1 cloak
rCorr    .         Rampage  .   M - +0 pair of gloves
MR       +....                  F - +2 pair of boots {run}
Stlth    ++........             t - amulet of reflection
HPRegen  0.25/turn              k - ring of poison resistance
MPRegen  0.16/turn              s - +4 ring of protection

@: quick
A: high mp 1
a: no special abilities


You were on level 1 of the Lair of Beasts.
You visited 2 branches of the dungeon, and saw 11 of its levels.
You also visited: Sewer.

You collected 699 gold pieces.
You spent 171 gold pieces at shops.

Inventory:

Hand Weapons
 d - a +0 short sword
 r - a +0 whip of venom
 u - a +0 long sword
 C - a +2 dagger of venom
 E - a +1 demon trident of venom
 G - a +2 vorpal great mace (weapon)
Armour
 g - a +0 leather armour
 A - a +1 cloak (worn)
 F - a +2 pair of boots of running (worn)
 M - a +0 pair of gloves (worn)
 Y - a +2 robe of the Archmagi (worn)
 Z - a +0 tower shield
Magical Staves
 X - an uncursed staff of conjuration
Jewellery
 a - an uncursed ring of magical power
 i - an uncursed ring of fire
 k - a ring of poison resistance (left hand)
 s - a +4 ring of protection (right hand)
 t - an amulet of reflection (around neck)
 B - an uncursed ring of resist corrosion
 K - an uncursed ring of positive energy
 O - an uncursed ring of stealth
 W - an uncursed amulet of guardian spirit
Wands
 N - a wand of digging (14)
 R - a wand of iceblast (13)
 S - a wand of paralysis (8)
 U - a wand of acid (7)
Scrolls
 c - 11 scrolls of teleportation
 e - 5 scrolls of remove curse
 h - 5 scrolls of random uselessness
 j - 2 scrolls of noise
 m - 6 scrolls of fog
 o - 4 scrolls of amnesia
 p - 3 scrolls of magic mapping
 q - 3 scrolls of identify
 v - 6 scrolls of enchant weapon
 y - 2 scrolls of enchant armour
Potions
 b - 2 potions of cancellation {unknown}
 f - a potion of haste
 l - a potion of ambrosia
 n - 4 potions of stabbing
 w - a potion of invisibility
 x - 9 potions of curing
 z - 3 potions of flight
 D - a potion of resistance {unknown}
 I - 5 potions of heal wounds
 J - 3 potions of berserk rage
 L - a potion of might
 P - a potion of magic
 Q - a potion of brilliance {unknown}
 T - a potion of lignification {unknown}


   Skills:
 + Level 8.4 Fighting
 + Level 6.2 Maces & Flails
 - Level 7.4 Armour
 - Level 1.7 Dodging
 - Level 1.7 Stealth
 - Level 3.0 Spellcasting
 - Level 10.0 Conjurations
 - Level 6.0 Hexes


You had 5 spell levels left.
You knew the following spells:

 Your Spells              Type           Power        Failure   Level
a - Magic Dart            Conj           ####         1%          1
b - Searing Ray           Conj           ######       1%          2
c - Dazzling Flash        Conj/Hex       ######       1%          3
d - Fulminant Prism       Conj/Hex       ######....   3%          4
e - Animate Skeleton      Necr           #.....       10%         1

Your spell library contained the following spells:

 Spells                   Type           Power        Failure   Level
 Corona                   Hex            ######.      1%          1
 Slow                     Hex            ######..     1%          2
 Confusing Touch          Hex            ######..     2%          3
 Cause Fear               Hex            ######....   8%          4
 Inner Flame              Hex/Fire       ####....     9%          3
 Portal Projectile        Hex/Tloc       ####..       9%          3
 Apportation              Tloc           #.....       10%         1
 Summon Small Mammal      Summ           #...         10%         1
 Iskenderun's Mystic Bla  Conj/Tloc      #####...     12%         4
 Leda's Liquefaction      Hex/Erth       ####......   26%         4
 Gell's Gravitas          Tloc           #.........   28%         3
 Metabolic Englaciation   Hex/Ice        ####......   58%         5
 Yara's Violent Unravell  Hex/Tmut       ####......   58%         5
 Petrify                  Tmut/Erth      #.......     67%         4


Dungeon Overview and Level Annotations

Branches:
Dungeon (10/15)            Temple (0/1) D:4            Lair (1/6) D:10
  Sewer (visited)
    Orc: D:9-12

Shops:
D:4 !(?!   D:5 *

Annotations:
D:4 3 runed translucent doors, smeego's ghost, weakling OpFi
D:6 1 runed translucent door, boltboy's ghost, novice DrTm


Innate Abilities, Weirdness & Mutations

You have an increased reservoir of magic. (+10% MP)


Message History

The searing ray hits the ice dragon but does no damage.
The ice dragon is moderately wounded. (Press . to maintain the ray.)
Your water moccasin skeleton barely misses the ice dragon.
The ice dragon breathes frost at you. The blast of cold hits you!!
* * * LOW HITPOINT WARNING * * *
As you read the scroll of fear, it crumbles to dust.
You assume a fearsome visage.
The ice dragon looks frightened!
Your water moccasin skeleton is unaffected.
The electric eel looks frightened!
Your water moccasin skeleton bites the ice dragon but does no damage.
Your water moccasin skeleton bites the ice dragon.
Your water moccasin skeleton's attack snaps the ice dragon out of its fear.
The ice dragon bites your water moccasin skeleton.
The ice dragon claws your water moccasin skeleton!
Your water moccasin skeleton is destroyed!
The ice dragon breathes frost at you. The blast of cold hits you!!
You die...

#### ####≈≈≈####
###..≈≈≈≈.... ##....≈≈≈....!
###......≈≈≈..$$
#####.........≈≈;≈$$
######...@....D....≈≈≈≈≈≈
#......#####........≈≈≈≈≈
##.###### ##.......≈≈≈≈≈
#######..# ####...≈≈≈≈≈≈
.....##.## ######≈≈≈≈
.....##.#### ≈≈≈≈
.....##....# #≈≈ .....#####.#
##
.....#####.##################


You could see an ice dragon (catching breath).

Vanquished Creatures
  A hydra (Lair:1)
  2 two-headed ogres
  A black mamba (Lair:1)
  A cane toad (Lair:1)
  A troll (D:9)
  4 hippogriffs
  A basilisk (Lair:1)
  21 yaks
  2 vampire mosquitoes (D:10)
  A porcupine (Lair:1)
  2 water moccasins
  7 orc warriors
  2 phantoms
  2 sky beasts
  3 black bears
  An ice beast (D:7)
  2 ogres
  An eye of draining (D:8)
  6 centaurs
  4 crocodiles
  9 bullfrogs
  2 big kobolds (D:8)
  4 scorpions
  4 killer bees
  5 howler monkeys
  A centaur zombie (D:6)
  3 bullfrog skeletons
  2 jellies
  A bullfrog zombie (D:5)
  8 orc priests
  4 hounds
  A centaur skeleton (D:7)
  7 iguanas
  11 orc wizards
  11 worker ants
  2 hound zombies (D:7)
  A hound skeleton (D:2)
  A howler monkey zombie (D:10)
  6 gnolls
  12 adders
  3 river rats (D:4)
  A shadow imp (D:9)
  4 white imps
  3 ufetubi
  3 oozes
  An adder skeleton (D:6)
  An adder zombie (D:6)
  5 worms
  4 dart slugs
  6 leopard geckos
  33 orcs
  2 ball pythons
  A giant cockroach (D:1)
  7 goblins
  8 hobgoblins
  9 jackals
  3 quokkas
  11 bats
  5 frilled lizards
  13 kobolds
  2 leopard gecko skeletons
  A quokka zombie (D:8)
  8 rats
294 creatures vanquished.

Vanquished Creatures (others)
  A scorpion (D:9)
  5 fulminant prisms (D:10)
  20 fungi (D:10)
  17 plants
43 creatures vanquished.

Grand Total: 337 creatures vanquished

Notes
Turn   | Place    | Note
-------+----------+-------------------------------------------
     0 | D:1      | royokou the Demigod Conjurer began the quest for the Orb.
     0 | D:1      | Reached XP level 1. HP: 14/14 MP: 5/5
   363 | D:1      | Reached XP level 2. HP: 20/20 MP: 3/7
   383 | D:1      | Learned a level 2 spell: Searing Ray
   716 | D:1      | Reached skill level 4 in Conjurations
  1144 | D:2      | Reached XP level 3. HP: 26/26 MP: 5/9
  1711 | D:2      | Reached XP level 4. HP: 33/33 MP: 7/11
  2001 | D:3      | Found a glowing silver altar of Zin.
  2001 | D:3      | Found an iron altar of Okawaru.
  2001 | D:3      | Found a burning altar of Makhleb.
  2026 | D:3      | Found a faded altar of an unknown god.
  2192 | D:3      | Reached skill level 1 in Fighting
  2473 | D:3      | Reached skill level 5 in Conjurations
  2664 | D:3      | Reached XP level 5. HP: 40/40 MP: 9/12
  2670 | D:3      | Learned a level 3 spell: Dazzling Flash
  2846 | D:4      | Found a staircase to the Ecumenical Temple.
  2949 | D:4      | Reached skill level 1 in Armour
  2949 | D:4      | Reached skill level 1 in Hexes
  3035 | D:4      | Found Fuerghyq's Distillery.
  3087 | D:4      | Found Qatetequ's Magic Scroll Shoppe.
  3157 | D:4      | Found Ceewuekk's Antique Weapon Emporium.
  3167 | D:4      | Bought a glowing great mace for 171 gold pieces
  3186 | D:4      | Reached XP level 6. HP: 45/48 MP: 10/13
  3385 | D:4      | Found a glowing drain.
  3398 | Sewer    | Entered a sewer
  3776 | D:4      | Found a runed translucent gate.
  3776 | D:4      | Found a runed translucent gate.
  3776 | D:4      | Found a runed translucent gate.
  3776 | D:4      | Noticed smeego's ghost (weakling OpFi)
  3960 | D:4      | Reached skill level 6 in Conjurations
  4478 | D:4      | Reached XP level 7. HP: 53/56 MP: 3/14
  4610 | D:4      | Found Dyniych's Distillery.
  5323 | D:5      | Entered Level 5 of the Dungeon
  5333 | D:5      | Found Zanekuq's Mayhem Merchandise.
  5957 | D:5      | Reached skill level 7 in Conjurations
  5957 | D:5      | Reached XP level 8. HP: 56/63 MP: 10/15
  6177 | D:5      | Found a blossoming altar of Fedhas.
  7281 | D:6      | Found a runed translucent door.
  7285 | D:6      | Noticed boltboy's ghost (novice DrTm)
  8217 | D:7      | Reached skill level 8 in Conjurations
  8999 | D:8      | Noticed a hippogriff
  9014 | D:8      | Reached XP level 9. HP: 57/72 MP: 7/16
  9502 | D:8      | Reached skill level 5 in Fighting
 10202 | D:8      | Reached skill level 9 in Conjurations
 10202 | D:8      | Reached skill level 5 in Hexes
 10207 | D:8      | Reached skill level 5 in Armour
 10249 | D:7      | Learned a level 4 spell: Fulminant Prism
 10881 | D:9      | Found a radiant altar of Vehumet.
 10981 | D:9      | Reached skill level 1 in Maces & Flails
 10990 | D:9      | Noticed a two-headed ogre
 11252 | D:9      | Identified a +2 pair of boots of running (You found it on
                  | level 9 of the Dungeon)
 11396 | D:9      | Learned a level 1 spell: Animate Skeleton
 11432 | D:9      | Reached XP level 10. HP: 83/83 MP: 8/17
 11677 | D:9      | Found a snail-covered altar of Cheibriados.
 12501 | D:9      | Killed a two-headed ogre
 12778 | D:10     | Entered Level 10 of the Dungeon
 12793 | D:10     | Reached skill level 10 in Conjurations
 13345 | D:10     | Noticed a two-headed ogre
 13356 | D:10     | Killed a two-headed ogre
 14132 | D:10     | Found a staircase to the Lair.
 14154 | D:10     | Reached XP level 11. HP: 41/92 MP: 1/19
 14556 | D:10     | Reached skill level 5 in Maces & Flails
 14836 | D:10     | Found a runed translucent door.
 15356 | D:10     | Found a roughly hewn altar of Beogh.
 15452 | Lair:1   | Entered Level 1 of the Lair of Beasts
 16172 | Lair:1   | Noticed a six-headed hydra
 16180 | Lair:1   | Killed a six-headed hydra
 16637 | Lair:1   | Noticed an ice dragon
 16663 | Lair:1   | Killed from afar by an ice dragon

Illustrated notes

Levels and vault maps discovered:
D:1:      lemuel_arrival_lava_pool, layout_loops_cross, roderic_lattice_a,
          nrook_campfire
D:2:      layout_basic
D:3:      layout_rooms, chequers_temple_overflow_statue_of_worship,
          chequers_ecumenical_altar_island
D:4:      minmay_thick_lines, layout_rooms, temple_statues, serial_shops,
          shop_scrolls, kennysheep_mini, nicolae_shop_stone, shop,
          ebering_ghost_rock_garden, lightli_sewer_entry_pipes
D:5:      layout_gridville, minivault_11, minmay_shop_mayhem, fedhas_altar_2
D:6:      layout_loops_corners, ebering_ghost_sewer_d
D:7:      layout_loops_ring
D:8:      kennysheep_big_flooded_room, layout_basic, kennysheep_kite_vault
D:9:      layout_layer_cave, fiery_altar_vehumet, basic_altar
D:10:     layout_cave_pods, grunt_lair_entry_orc_guard_hut, serial_column_ruins,
          column_ruins_columns_corner, column_ruins_open_tiny,
          column_ruins_grid_1, lightli_church_of_beogh
Lair:1:   dragon1_lemuel, layout_chaotic_city

Skill      XL: |  1  2  3  4  5  6  7  8  9 10 11 |
---------------+----------------------------------+-----
Spellcasting   | 2 3 |  3.0
Conjurations   | 4 5 6 7 8 9 10 | 10.0
Fighting       | 1 2 3 4 5 7 8 |  8.4
Armour         | 1 2 3 4 5 7 |  7.4
Hexes          | 1 2 3 4 5 6 |  6.0
Maces & Flails | 1 4 6 |  6.2
Dodging        | |  1.7
Stealth        | |  1.7

Action                   |  1- 3 |  4- 6 |  7- 9 | 10-12 || total
-------------------------+-------+-------+-------+-------++-------
Melee: Short sword       |     8 |       |       |       ||     8
       Club              |     2 |       |       |       ||     2
       Whip              |     1 |       |       |       ||     1
       Long sword        |       |     6 |       |       ||     6
       Great mace        |       |    25 |    34 |    41 ||   100
 Cast: Magic Dart        |    51 |    74 |   104 |    91 ||   320
       Searing Ray       |    10 |    28 |    72 |    61 ||   171
       Fulminant Prism   |       |       |       |     5 ||     5
       Animate Skeleton  |       |       |       |     3 ||     3
  Use: Scroll            |       |       |    25 |     6 ||    31
 Stab: Sleeping          |     1 |       |     2 |       ||     3
Armor: Robe              |     1 |       |       |    14 ||    15
       Leather armour    |       |     7 |    25 |    37 ||    69
Dodge: Dodged            |    16 |    28 |    65 |    63 ||   172
Block: Other             |       |    17 |    32 |    24 ||    73
       Reflection        |       |     1 |     7 |       ||     8

Table legend: (Time is in decaauts)
 A = Elapsed time spent in this place.
 B = Non-inter-level travel time spent in this place.
 C = Inter-level travel time spent in this place.
 D = Time resting spent in this place.
 E = Time spent auto-exploring this place.
 F = Levels seen in this place.
 G = Mean time per level.
                   A        B        C        D        E       F      G
               +--------+--------+--------+--------+--------+-----+--------+
         Total |  16557 |  15945 |    612 |   2896 |  10962 |  12 | 1379.8 |
       Dungeon |  15053 |  14441 |    612 |   2454 |  10051 |  10 | 1505.3 |
          Lair |   1163 |   1163 |      0 |    265 |    773 |   1 | 1163.0 |
         Sewer |    340 |    340 |      0 |    177 |    137 |   1 |  340.0 |
               +--------+--------+--------+--------+--------+-----+--------+

Top non-repeatable levels by time:
    D:10: 2356 daAuts
     D:8: 2194 daAuts
     D:9: 1957 daAuts
     D:4: 1944 daAuts
     D:5: 1245 daAuts
  Lair:1: 1163 daAuts
     D:6: 1142 daAuts
     D:1: 1129 daAuts
     D:3: 1107 daAuts
     D:7: 1103 daAuts
     D:2: 869 daAuts
   Sewer: 340 daAuts
